AoeStats
← ASHBORN

Arena

510609626Analyzed
4v4 RM · 9h ago on Oct 1, 2026· 48m 52s· 8 players
Game mode
Random Map
Map size
Large (8 player)
Population
200
Speed
Normal
Resources
Standard
Victory
Conquest
Starting age
Dark Age
Ending age
Imperial Age
RankedLock teamsTeams togetherTeam positionsShared explorationLock speedFull tech treeHidden civsTurbo modeCheats
Victory
Defeat
🇫🇷 Bohemians · France
1118
+17
🇨🇳 Khmer · China
1090
+18
🇨🇱 Goths · Chile
1066
+19
🇵🇪 Vietnamese · Peru
1029
+21
🇨🇴 Khmer · Colombia
1253
-24
🇨🇴 Cumans · Colombia
1175
-20
🇨🇱 Ethiopians · Chile
1071
-16
🇨🇴 Mongols · Colombia
1053
-15
Cryptomage
11:51 Feudal Age
10:06 Loom
16:58 Castle Age
14:52 Horse Collar
22:54 Fletching
25:37 Bodkin Arrow
34:57 Double-Bit Axe
35:19 Heavy Plow
36:59 Bow Saw
38:46 Wheelbarrow
39:00 Town Watch
43:48 Imperial Age
43:01 Chemistry
43:42 Scale Mail Armor
43:53 Forging
43:05 Pikeman
43:45 Squires
44:15 Ballistics
43:53 Halberdier
44:52 Chain Mail Armor
46:30 Siege Engineers
47:42 Houfnice
49:24 Fortified Wall
DEEPSKY
1:38 Loom
11:51 Feudal Age
14:43 Castle Age
12:34 Horse Collar
12:55 Double-Bit Axe
15:37 Wheelbarrow
15:49 Heavy Plow
16:38 Bow Saw
23:56 Gold Mining
25:52 Gold Shaft Mining
28:29 Imperial Age
26:18 Hand Cart
26:25 Stone Mining
27:51 Forging
27:46 Scale Barding Armor
29:52 Stone Shaft Mining
29:42 Bloodlines
29:33 Husbandry
28:54 Elite Battle Elephant
30:53 Crop Rotation
32:38 Iron Casting
32:23 Chain Barding Armor
33:30 Conscription
33:11 Tusk Swords
34:28 Chain Barding Armor
35:08 Blast Furnace
34:02 Light Cavalry
34:53 Pikeman
35:19 Arson
36:18 Plate Barding Armor
35:44 Scale Mail Armor
35:40 Halberdier
35:52 Hussar
DSLG | Shamer
11:55 Feudal Age
15:51 Castle Age
13:58 Double-Bit Axe
14:52 Horse Collar
15:05 Gold Mining
17:13 Bow Saw
24:45 Heavy Plow
26:01 Fortified Wall
27:10 Wheelbarrow
26:23 Loom
26:29 Town Watch
27:28 Treadmill Crane
28:05 Hand Cart
28:56 Fletching
29:06 Padded Archer Armor
29:34 Ballistics
30:42 Leather Archer Armor
30:23 Bodkin Arrow
30:41 Stone Mining
33:31 Imperial Age
31:04 Elite Skirmisher
31:49 Thumb Ring
33:12 Masonry
33:18 Forging
33:14 Scale Barding Armor
33:10 Scale Mail Armor
34:49 Imperial Skirmisher
36:15 Ring Archer Armor
35:47 Bracer
37:22 Chemistry
36:28 Siege Engineers
35:47 Onager
37:20 Paper Money
39:50 Stone Shaft Mining
40:52 Chatras
41:41 Elite Battle Elephant
42:22 Husbandry
42:32 Bloodlines
43:04 Iron Casting
42:50 Chain Barding Armor
45:36 Plate Barding Armor
46:36 Chain Mail Armor
48:36 Crossbowman
EL PAJA
10:42 Feudal Age
10:46 Feudal Age
15:33 Castle Age
13:55 Horse Collar
14:12 Double-Bit Axe
20:02 Fervor
21:06 Loom
21:56 Wheelbarrow
21:10 Town Watch
24:12 Heavy Plow
25:50 Bow Saw
25:43 Town Patrol
30:31 Imperial Age
28:21 Hand Cart
28:14 Gold Mining
28:40 Forging
28:31 Scale Mail Armor
28:58 Anarchy
29:58 Iron Casting
30:08 Squires
30:24 Stone Mining
32:03 Conscription
32:52 Blast Furnace
32:08 Chain Mail Armor
33:35 Pikeman
34:29 Halberdier
37:46 Fletching
37:57 Padded Archer Armor
37:40 Elite Huskarl
38:22 Perfusion
48:54 Crop Rotation
48:22 Bodkin Arrow
48:42 Leather Archer Armor
calmilo
10:29 Feudal Age
8:45 Loom
14:33 Castle Age
35:19 Double-Bit Axe
37:12 Horse Collar
41:43 Forging
41:34 Scale Mail Armor
41:55 Pikeman
42:38 Squires
42:25 Arson
43:30 Iron Casting
ELEG F3R
9:16 Feudal Age
11:20 Loom
15:53 Castle Age
14:01 Double-Bit Axe
16:54 Bow Saw
19:00 Fletching
19:12 Padded Archer Armor
23:47 Horse Collar
25:30 Wheelbarrow
28:33 Heavy Plow
29:11 Hand Cart
33:45 Imperial Age
33:14 Bodkin Arrow
33:35 Leather Archer Armor
33:31 Forging
35:14 Conscription
34:18 Light Cavalry
34:54 Crossbowman
35:39 Thumb Ring
35:42 Capped Ram
36:48 Husbandry
36:57 Scale Barding Armor
38:05 Bracer
38:17 Elite Skirmisher
39:58 Gold Mining
41:47 Ballistics
42:29 Chemistry
42:53 Chain Barding Armor
43:09 Iron Casting
44:15 Gold Shaft Mining
44:31 Ring Archer Armor
44:40 Town Watch
45:54 Halberdier
ASHBORN
2:27 Loom
11:33 Feudal Age
15:41 Castle Age
13:50 Double-Bit Axe
13:51 Horse Collar
15:48 Wheelbarrow
15:08 Gold Mining
17:49 Bow Saw
25:20 Imperial Age
24:06 Loom
25:59 Scale Barding Armor
26:05 Forging
26:22 Bloodlines
25:42 Elite Battle Elephant
27:10 Bloodlines
27:04 Husbandry
27:09 Stone Mining
27:42 Husbandry
29:40 Chain Barding Armor
35:38 Fletching
36:25 Plate Barding Armor
36:45 Bodkin Arrow
37:25 Iron Casting
38:22 Bracer
42:28 Conscription
42:11 Tusk Swords
44:29 Blast Furnace
45:18 Ballistics
45:40 Elite Skirmisher
8oE. Jonza
9:36 Feudal Age
10:28 Double-Bit Axe
11:09 Horse Collar
19:20 Loom
22:03 Castle Age
20:32 Scale Barding Armor
20:44 Gold Mining
22:19 Wheelbarrow
22:07 Bloodlines
22:16 Town Watch
22:43 Forging
23:28 Bow Saw
23:30 Heavy Plow
24:12 Capped Ram
25:41 Iron Casting
26:31 Gold Shaft Mining
26:56 Town Patrol
27:42 Chain Barding Armor
29:22 Hand Cart
32:09 Arson
32:25 Squires
34:33 Scale Mail Armor
34:24 Fletching
33:59 Pikeman
34:53 Stone Mining
37:13 Chain Mail Armor
37:37 Murder Holes
37:53 Masonry
38:36 Bodkin Arrow
39:15 Ballistics
39:23 Padded Archer Armor
42:30 Imperial Age
40:36 Leather Archer Armor
43:03 Thumb Ring
42:18 Elite Skirmisher
42:24 Man-at-Arms
42:33 Siege Ram
42:34 Halberdier
42:38 Light Cavalry
44:29 Blast Furnace
43:59 Plate Mail Armor
43:07 Cavalier
Connection lost

Rejoining the realm…

Still unreachable

The connection could not be restored.

Session expired

The server has moved on; the page needs a fresh start.